 Dungeon Crawl Stone Soup version 0.31-a0-339-gda1cbd555d (console) character file.

Game seed: 12911125490314690834

746 petzl the Sneak (level 8, -1/53 (58) HPs)
             Began as a Formicid Delver on July 20, 2023.
             Slain by a sun demon (18 damage)
             ... on level 11 of the Dungeon.
             The game lasted 00:30:01 (6065 turns).

petzl the Sneak (Formicid Delver)                   Turns: 6065, Time: 00:30:02

HP:   -1/53 (58)    AC:  8    Str: 16 (17) XL:     8   Next: 5%
MP:   14/14         EV: 10    Int: 10 (12) God:
Gold: 325           SH:  5    Dex: 14 (15) Spells: 12/15 levels left

rFire   . . .        a - +8 club
rCold   . . .        r - +0 buckler
rNeg    . . .        o - +0 ring mail
rPois   .            (helmet unavailable)
rElec   .            (no cloak)
rCorr   .            (no gloves)
SInv    +            g - +2 pair of boots
Will    .....        (no amulet)
Stlth   +++          (no ring)
HPRegen 0.28/turn    (no ring)
MPRegen 0.14/turn

%: no passive effects
@: drained
A: permanent stasis, dig shafts and tunnels, antennae 3, four strong arms
a: Dig, Shaft Self


You were on level 11 of the Dungeon.
You visited 2 branches of the dungeon, and saw 12 of its levels.

You collected 325 gold pieces.

Inventory:

Hand Weapons
 a - a +8 club (weapon)
 b - a +0 sling
 j - a +0 flail
 z - a +1 mace of protection
Missiles
 m - 50 stones
Armour
 g - a +2 pair of boots (worn)
 o - a +0 ring mail (worn)
 r - a +0 buckler (worn)
Talismans
 i - a blade talisman
 t - a maw talisman
Wands
 e - a wand of mindburst (6)
 f - a wand of digging (2)
 k - a wand of flame (9)
 u - a wand of charming (3)
 B - a wand of polymorph (4)
Scrolls
 c - a scroll of fog
 d - 2 scrolls of revelation
 l - a scroll of silence
 n - a scroll of immolation
 w - 3 scrolls of amnesia
Potions
 p - a potion of curing
 q - a potion of haste {unknown}
 s - 3 potions of mutation
 y - a potion of brilliance {unknown}


   Skills:
 - Level 3.2 Fighting
 - Level 2.0 Maces & Flails
 * Level 2.6 Ranged Weapons
 + Level 3.3 Armour
 - Level 1.7 Dodging
 + Level 7.4 Stealth
 + Level 4.0 Shields
 + Level 4.1 Spellcasting
 * Level 1.7 Conjurations
 + Level 1.2 Ice Magic
 + Level 0.1 Evocations


You had 12 spell levels left.
You knew the following spells:

 Your Spells              Type           Power      Damage    Failure   Level
a - Hailstorm             Conj/Ice       5%         3d4       67%         3

Your spell library contained the following spells:

 Spells                   Type           Power      Damage    Failure   Level
 Summon Small Mammal      Summ           8%         N/A       52%         1
 Momentum Strike          Conj/Tloc      6%         3d8       54%         2
 Ensorcelled Hibernation  Hex/Ice        6%         N/A       56%         2
 Lesser Beckoning         Tloc           4%         N/A       65%         2
 Passwall                 Tmut/Erth      1%         N/A       65%         2
 Call Canine Familiar     Summ           2%         N/A       87%         3
 Summon Guardian Golem    Hex/Summ       2%         N/A       87%         3
 Summon Ice Beast         Ice/Summ       3%         N/A       99%         4
 Simulacrum               Ice/Necr       1%         N/A       100%        6
 Blink                    Tloc           Unusable   N/A       N/A         2
 Swiftness                Air            Unusable   N/A       N/A         3

Dungeon Overview and Level Annotations

Branches:
Dungeon (12/15)            Temple (1/1) D:4
   Lair: D:8-11         Orc: D:9-12

Altars:
Ashenzari
Cheibriados
Dithmenos
Elyvilon
Gozag
Hepliaklqana
Kikubaaqudgha
Makhleb
Nemelex Xobeh
Okawaru
Qazlal
Sif Muna
Trog
Wu Jian
Xom
Zin

Shops:
D:3 =?[:

Annotations:
D:2 exclusion: 2 downstairs
D:5 exclusion: 2 downstairs
D:6 Edmund
D:10 exclusion: downstairs
D:11 exclusions: sensed monster (detected) and vampire
Temple 2 transporters


Innate Abilities, Weirdness & Mutations

You cannot be hasted, slowed, berserked, paralysed or teleported.
You can dig through walls and to a lower floor.
You have a pair of large antennae on your head. (SInv)
Your four strong arms can wield two-handed weapons with a shield.


Message History

Confirm with . or Enter, or press ? or * to list all spells.
You don't know that spell.
Throw: 2 throwing nets
Press: ? - help, Q - select action, (/) - cycle Shift-Dir - straight line, f - sun demon
Aim: a sun demon (47% to hit)
You throw a throwing net.
The throwing net barely misses the sun demon.
You block the sun demon's attack.
Throw: throwing net
Press: ? - help, Q - select action, (/) - cycle Shift-Dir - straight line, f/p - sun demon
Aim: a sun demon (47% to hit)
You throw a throwing net.
The throwing net barely misses the sun demon.
The sun demon hits you.
You are engulfed in flames!
You extend your mandibles.
You dig through the rock wall.
You feel drained. The sun demon barely misses you.
You retract your mandibles.
The sun demon attacks as you move away! The sun demon hits you!!
You are engulfed in flames!
* * * LOW HITPOINT WARNING * * *
There is a stone staircase leading up here.
Okay, then.
Aiming: Mindburst
Press: ? - help, Shift-Dir - straight line, f/p - sun demon
Aim: a sun demon (chance to affect: 16%)
Okay, then.
Unknown command.
Unknown command.
Unknown command.
Unknown command.
Unknown command.
Unknown command.
You feel better. The sun demon completely misses you.
You block the sun demon's attack.
You climb upwards.
Level annotation: exclusions: sensed monster (detected) and vampire
There is a stone staircase leading down here.
You extend your mandibles.
You dig through the rock wall.
You feel drained. The sun demon attacks as you move away!
The sun demon hits you!
You are engulfed in flames!!
You die...

########## .........#
.#######.#### #####.
###>....#####.## #.....
.# ##..........$...#
#.#..
....................#
#.#..
.##.####.....#####..#
#.#.# C#. #....(.. ....
#.#.# .. ....>..### V..
####.#.# .# ###.....# ##
#......###.#.#####.....#
#.###....{............##
#.# #..###....... ...#
#.###.........### #..#
#...<..#####.## #..###
###.##.# .# #....#
#.##.# # #....# .....#
#3@#.# ##.##.# ## #..#.#
......#### #.##..#.#
....#..... #.#..#.#
..... ... #.....# ....
..# #.#..### .... #.#
#.##..# #.. #.# ## #..#
#..##.#### #..#
#.##........######..#
#........###........#
####.##.## ##.####..#
#.##.# #.....#[##
#....## ##..#.###.##
#####.###....## ##?#
#....#..#.###.##
#.####..##.#.## #.#
#..###.## #.####.<# ###


You could see a sun demon.

Vanquished Creatures
  A shadow (D:10)
  An orc warrior (D:10)
  An orc priest (D:9)
  A hound (D:4)
  Jessica (D:3)
  Natasha (thrice) (D:2)
  An iguana (D:4)
  4 orc wizards
  Robin (D:3)
  4 gnolls (D:5)
  A shadow imp (D:4)
  2 white imps (D:5)
  4 worms
  16 orcs
  2 bats
  8 endoplasms
  8 giant cockroaches
  20 goblins
  9 hobgoblins
  3 jackals (D:3)
  6 quokkas
  6 ball pythons
  2 frilled lizards (D:1)
  5 kobolds
  6 rats
116 creatures vanquished.

Notes
Turn   | Place    | Note
-------+----------+-------------------------------------------
     0 | D:5      | petzl the Formicid Delver began the quest for the Orb.
     0 | D:5      | Reached XP level 1. HP: 18/18 MP: 1/1
    21 | D:6      | Noticed a sky beast
    21 | D:6      | Noticed an orc wizard
    21 | D:6      | Noticed a jelly
    21 | D:6      | Noticed a jelly
   151 | D:3      | Found Ijikkaocuph's Armour Shoppe.
   159 | D:3      | Found Omoucyhu's Book Boutique.
   249 | D:3      | Reached skill level 1 in Spellcasting
   292 | D:2      | Reached XP level 2. HP: 24/24 MP: 4/4
   609 | D:1      | Reached XP level 3. HP: 29/29 MP: 6/6
  1461 | D:2      | Noticed Natasha
  1465 | D:2      | Killed Natasha
  1466 | D:2      | Reached skill level 1 in Armour
  1466 | D:2      | Reached skill level 1 in Shields
  1466 | D:2      | Reached XP level 4. HP: 26/35 MP: 8/8
  1517 | D:3      | Noticed Robin
  1889 | D:2      | Noticed Natasha
  1900 | D:2      | Killed Natasha
  2078 | D:2      | Noticed Natasha
  2083 | D:2      | Killed Natasha
  2084 | D:2      | Reached XP level 5. HP: 36/41 MP: 9/9
  2427 | D:3      | Found Woorhain's Jewellery Shoppe.
  2444 | D:3      | Found Ingire's Magic Scroll Shoppe.
  2528 | D:3      | Reached XP level 6. HP: 39/47 MP: 11/11
  2647 | D:3      | Killed Robin
  2833 | D:3      | Noticed Jessica
  2835 | D:3      | Killed Jessica
  2836 | D:3      | Reached skill level 7 in Stealth
  3115 | D:4      | Found a burning altar of Makhleb.
  3168 | D:4      | Found an iron altar of Okawaru.
  3254 | D:4      | Found an opulent altar of Gozag.
  3260 | D:4      | Found an ancient bone altar of Kikubaaqudgha.
  3263 | D:4      | Found a snail-covered altar of Cheibriados.
  3263 | D:4      | Found a broken altar of Ashenzari.
  3270 | D:4      | Found a sparkling altar of Nemelex Xobeh.
  3328 | D:4      | Found a staircase to the Ecumenical Temple.
  3415 | Temple   | Found a transporter.
  3415 | Temple   | Found a transporter.
  3415 | Temple   | Found a transporter.
  3415 | Temple   | Found a transporter.
  3415 | Temple   | Entered the Ecumenical Temple
  3523 | D:5      | Reached skill level 1 in Ranged Weapons
  3763 | D:4      | Noticed a black bear
  3938 | D:4      | Reached XP level 7. HP: 46/51 MP: 12/12
  4307 | D:5      | Found a white marble altar of Elyvilon.
  4474 | D:5      | Learned a level 3 spell: Hailstorm
  4519 | D:6      | Noticed Edmund
  4535 | D:6      | Found a shadowy altar of Dithmenos.
  4744 | D:7      | You fall into a shaft and drop 3 floors!
  4744 | D:10     | Entered Level 10 of the Dungeon
  5094 | D:10     | Noticed a yak
  5132 | D:11     | Noticed a cyclops
  5181 | D:10     | Noticed a shadow
  5181 | D:10     | Noticed a troll
  5212 | D:10     | Killed a shadow
  5213 | D:10     | Reached skill level 1 in Conjurations
  5297 | D:10     | Noticed a yak
  5324 | D:10     | Noticed a yak
  5333 | D:10     | Gained mutation: You are weak. (Str -2) [potion of
                  | mutation]
  5333 | D:10     | Lost mutation: You are weak. (Str -2) [potion of mutation]
  5625 | D:10     | Reached skill level 1 in Ice Magic
  5721 | D:9      | Reached XP level 8. HP: 50/58 MP: 14/14
  6017 | D:11     | Noticed a vampire
  6047 | D:12     | Noticed a sun demon
  6065 | D:11     | Slain by a sun demon

Illustrated notes

Levels and vault maps discovered:
D:1:      roderic_dead_forest, layout_basic, minmay_tetromino_o2
D:2:      layout_loops_ring, uniq_natasha
D:3:      minmay_angry_zag, layout_rooms, serial_shops, shop, shop,
          nicolae_diamond_shop, nicolae_diamond_shop, grunt_decor_arrowhead,
          uniq_jessica, uniq_robin
D:4:      layout_loops_cross, mainiacjoe_overflow_cross_hatched,
          nicolae_overflow_hallway_of_the_gods, mainiacjoe_overflow_24_doors,
          minmay_temple_entry_junction
D:5:      layout_loops_ring, old_standard_altar
D:6:      layout_rooms, nicolae_dithmenos_through_a_glass_darkly, uniq_edmund
D:7:      lemuel_slime, layout_loops_cross, minmay_manual_mares
D:9:      layout_stronghold, fedhas_altar_2, minivault_26,
          kennysheep_nondescript, wad_dig_loot
D:10:     gammafunk_cloud_chamber, layout_loops_cross, nicolae_ru_awakened_eye,
          lemuel_round_altar, nicolae_vehumet_altar_sigil
D:11:     gammafunk_mikee_crab_dinner, layout_loops_ring,
          ebering_ghost_inner_flame
D:12:     layout_basic, david_orc_3, serial_demonic, serial_demonic_b,
          serial_demonic_e, serial_demonic_e, serial_demonic_b
Temple:   hellmonk_temple_divided_pantheon

Skill      XL: |  1  2  3  4  5  6  7 |
---------------+----------------------+-----
Spellcasting   | 1 2 3 4 |  4.1
Armour         | 1 2 3 |  3.3
Shields        | 1 2 3 4 |  4.0
Stealth        | 7 |  7.4
Ranged Weapons | 1 2 |  2.6
Conjurations   | 1 |  1.7
Ice Magic      | 1 |  1.2
Fighting       | |  3.2
Maces & Flails | |  2.0
Dodging        | |  1.7
Evocations     | |  0.1

Action                     |  1- 3 |  4- 6 |  7- 9 || total
---------------------------+-------+-------+-------++-------
  Melee: Mace              |     4 |       |       ||     4
         Flail             |    96 |   167 |       ||   263
         Club              |       |    44 |    86 ||   130
   Fire: Sling             |       |     7 |     3 ||    10
  Throw: Stone             |       |     1 |       ||     1
         Boomerang         |       |       |     4 ||     4
         Throwing net      |       |       |     2 ||     2
Ability: Dig               |       |     1 |     4 ||     5
         Shaft Self        |       |       |     1 ||     1
  Evoke: Wand              |       |     1 |       ||     1
    Use: Scroll            |       |     5 |     4 ||     9
         Potion            |       |       |     7 ||     7
   Stab: Sleeping          |    16 |     7 |     2 ||    25
 Armour: Ring mail         |    32 |    88 |    35 ||   155
         Skin              |     2 |       |     6 ||     8
         Leather armour    |     1 |       |       ||     1
  Dodge: Dodged            |    56 |   100 |    49 ||   205
  Block: Buckler           |     9 |    52 |    26 ||    87

Table legend: (Time is in decaauts)
 A = Elapsed time spent in this place.
 B = Non-inter-level travel time spent in this place.
 C = Inter-level travel time spent in this place.
 D = Time resting spent in this place.
 E = Time spent auto-exploring this place.
 F = Levels seen in this place.
 G = Mean time per level.
                   A        B        C        D        E       F      G
               +--------+--------+--------+--------+--------+-----+--------+
         Total |   6193 |   5873 |    320 |    857 |   2538 |  12 |  516.1 |
       Dungeon |   6156 |   5853 |    303 |    857 |   2538 |  11 |  559.6 |
        Temple |     37 |     20 |     17 |      0 |      0 |   1 |   37.0 |
               +--------+--------+--------+--------+--------+-----+--------+

Top non-repeatable levels by time:
     D:3: 1106 daAuts
     D:1: 1047 daAuts
    D:10: 985 daAuts
     D:2: 886 daAuts
     D:4: 859 daAuts
     D:5: 847 daAuts
    D:11: 141 daAuts
    D:12: 129 daAuts
     D:9: 81 daAuts
     D:6: 65 daAuts
  Temple: 37 daAuts
     D:7: 6 daAuts
